 Dungeon Crawl Stone Soup version 0.19.1-1-g22dce08 (webtiles) character file.

870 M4edhros the Covert (level 8, 0/48 HPs)
             Began as an Octopode Artificer on Dec 31, 2016.
             Slain by a sky beast (5 damage)
             ... on level 5 of the Dungeon.
             The game lasted 00:04:17 (2132 turns).

M4edhros the Covert (Octopode Artificer)            Turns: 2132, Time: 00:04:18

Health: 0/48       AC:  1    Str: 12    XL:     8   Next: 3%
Magic:  10/10      EV: 13    Int: 13    God:
Gold:   131        SH:  0    Dex: 14    Spells: 0 memorised, 7 levels left

rFire  . . .     SeeInvis .     s - +1 dagger (venom)
rCold  . . .     Gourm    .     (no shield)
rNeg   . . .     Faith    .     (helmet restricted)
rPois  .         Spirit   .     (no amulet)
rElec  .         Reflect  .     q - ring of resist corrosion
rCorr  +         Harm     .     (no ring)
MR     .....                    (no ring)
Stlth  ++++++....               (no ring)
                                (no ring)
                                (no ring)
                                (no ring)
                                (no ring)

@: no status effects
A: almost no armour, stealthy swim, amphibious, 8 rings, constrict 8, camouflage
1, gelatinous body 1
a: no special abilities


You were on level 5 of the Dungeon.
You were hungry.

You visited 1 branch of the dungeon, and saw 5 of its levels.

You collected 131 gold pieces.

Inventory:

Hand Weapons
 a - a +0 short sword
 e - a +0 hunting sling
 g - a +0 whip of electrocution
 s - a +1 dagger of venom (weapon)
Missiles
 h - 114 stones (quivered)
Jewellery
 q - a ring of resist corrosion (left tentacle)
Wands
 b - a wand of flame (7/48)
 c - a wand of enslavement (15/24)
 d - a wand of random effects (8/48)
 k - a wand of polymorph (6/24)
 o - a wand of iceblast (7/15)
Scrolls
 i - 2 scrolls of amnesia {unknown}
 l - a scroll of blinking {unknown}
 m - a scroll of enchant armour {unknown}
 p - 3 scrolls of teleportation {unknown}
 r - 2 scrolls of magic mapping {unknown}
 t - a scroll of enchant weapon {unknown}
Potions
 j - 2 potions of mutation {unknown}
Comestibles
 f - 3 bread rations
 n - a beef jerky


   Skills:
 - Level 1.0 Fighting
 - Level 1.0 Short Blades
 - Level 2.0 Dodging
 + Level 12.2 Stealth
 - Level 3.2 Evocations


You had 7 spell levels left.
You didn't know any spells.

Dungeon Overview and Level Annotations

Branches:
Dungeon (5/15)
 Temple: D:4-7

Altars:
Cheibriados
Dithmenos
Uskayaw


Innate Abilities, Weirdness & Mutations

You cannot wear most types of armour.
You are very stealthy in the water. (Stealth+)
You are amphibious.
You can wear up to eight rings at the same time.
You can use your tentacles to constrict eight enemies at once.
Your skin changes colour to match your surroundings (Stealth+).
Your rubbery body absorbs attacks. (AC +1, EV +1)


Message History

The sky beast misses you.
You barely miss the sky beast.
The sky beast is lightly wounded.
The sky beast hits you.
* * * LOW HITPOINT WARNING * * *
The sky beast shocks you.
* * * LOW HITPOINT WARNING * * *
The sky beast flickers out of sight!
Deactivating autopickup; reactivate with Ctrl-A.
A sky beast appears from thin air!
Reactivating autopickup.
Okay, then.
The sky beast flickers out of sight!
Deactivating autopickup; reactivate with Ctrl-A.
A sky beast appears from thin air!
Reactivating autopickup.
The sky beast hits you.
* * * LOW HITPOINT WARNING * * *
The sky beast shocks you.
You die...

.#.. .#.# .#.# .#.# #.
.#.### .#.######.....
.........##.##
.........@...#
........Y##..#
.........##..########
........ยง##..##.....#
.........##..##.###.#
..................#.#
#####.#########.#.#.#
#. #.#.#.# #. #.. #.#


You could see a sky beast.

Vanquished Creatures
  Pikel (D:4)
  An ogre (D:4)
  A hound (D:4)
  2 orc priests (D:3)
  2 orc wizards
  2 worker ants (D:4)
  A hound skeleton (D:4)
  Robin (D:4)
  3 adders
  An ooze (D:4)
  An adder skeleton (D:4)
  A worm (D:5)
  2 leopard geckos
  16 orcs
  A ball python (D:1)
  2 giant cockroaches
  12 goblins
  2 hobgoblins
  2 kobolds
  A quokka (D:3)
  4 bats (D:3)
  4 frilled lizards
  A rat (D:2)
64 creatures vanquished.

Notes
Turn   | Place    | Note
-------+----------+-------------------------------------------
     0 | D:1      | M4edhros the Octopode Artificer began the quest for the Orb.
     0 | D:1      | Reached XP level 1. HP: 13/13 MP: 3/3
   113 | D:1      | Reached skill level 2 in Stealth
   360 | D:2      | Reached skill level 3 in Stealth
   360 | D:2      | Reached XP level 2. HP: 18/18 MP: 4/4
   510 | D:3      | Reached skill level 4 in Stealth
   510 | D:3      | Reached XP level 3. HP: 7/23 MP: 5/5
   645 | D:3      | Reached skill level 5 in Stealth
   653 | D:3      | Reached skill level 6 in Stealth
   653 | D:3      | Reached XP level 4. HP: 24/28 MP: 6/6
   860 | D:3      | Reached XP level 5. HP: 12/33 MP: 7/7
  1159 | D:3      | Found a snail-covered altar of Cheibriados.
  1206 | D:4      | Noticed an ogre
  1209 | D:4      | Killed an ogre
  1209 | D:4      | Reached skill level 8 in Stealth
  1221 | D:4      | Reached XP level 6. HP: 34/38 MP: 8/8
  1535 | D:4      | Found a shadowy altar of Dithmenos.
  1721 | D:4      | Noticed a slave
  1722 | D:4      | Noticed a slave
  1733 | D:4      | Noticed Pikel
  1733 | D:4      | Noticed a slave
  1739 | D:4      | Noticed a slave
  1747 | D:4      | Killed Pikel
  1747 | D:4      | Reached skill level 11 in Stealth
  1747 | D:4      | Reached XP level 7. HP: 34/43 MP: 9/9
  1872 | D:4      | Noticed Robin
  1875 | D:4      | Killed Robin
  1875 | D:4      | Reached skill level 12 in Stealth
  1890 | D:4      | Found a hide-covered altar of Uskayaw.
  1899 | D:4      | Reached XP level 8. HP: 43/48 MP: 10/10
  2050 | D:5      | Entered Level 5 of the Dungeon
  2132 | D:5      | Slain by a sky beast

Skill      XL: |  1  2  3  4  5  6  7 |
---------------+----------------------+-----
Stealth        | 3 4 6 8 11 12 | 12.2
Fighting       | |  1.0
Short Blades   | |  1.0
Dodging        | |  2.0
Evocations     | |  3.2

Action                   |  1- 3 |  4- 6 |  7- 9 || total
-------------------------+-------+-------+-------++-------
Melee: Short sword       |    35 |    66 |       ||   101
       Constrict         |     9 |    23 |     7 ||    39
       Tentacles         |     4 |    15 |     4 ||    23
       Whip              |       |       |    26 ||    26
       Dagger            |       |       |     7 ||     7
Evoke: Wand              |     1 |    13 |     1 ||    15
  Use: Potion            |     1 |     3 |       ||     4
 Stab: Sleeping          |     2 |     4 |     3 ||     9
       Distracted        |       |       |     1 ||     1
  Eat: Chunk             |       |     2 |     1 ||     3
Armor: Skin              |     2 |     8 |     1 ||    11
Dodge: Dodged            |    17 |    43 |    15 ||    75
